 Dungeon Sprint DCSS version 0.31.0-11-ge490571c62 (webtiles) character file.

Game seed: 4122829331875236572

4573 SmokeWeed the Fencer (level 10, -1/104 HPs)
             Began as a Minotaur Fighter on Feb 3, 2024.
             Was an Elder of Okawaru.
             Slain by a skyshark (8 damage)
             ... in the Dungeon (Sprint IX: "|||||||||||||||||||||||||||||").
             The game lasted 00:04:55 (585 turns).

SmokeWeed the Fencer (Minotaur Fighter)              Turns: 585, Time: 00:04:56

Health: -1/104     AC: 26    Str: 21    XL:     10   Next: 18%
Magic:  5/9        EV: 11    Int:  5    God:    Okawaru [****..]
Gold:   14         SH:  6    Dex: 14    Spells: 9/9 levels left

rFire   . . .        m - +2 scimitar (flame)
rCold   . . .        c - +0 buckler
rNeg    . . .        p - +0 plate armour
rPois   .            (helmet restricted)
rElec   .            (no cloak)
rCorr   .            o - +0 pair of gloves
SInv    .            n - +2 pair of boots
Will    .....        (no amulet) Stlth
                     q - +2 ring of protection
HPRegen 0.37/turn    r - +2 ring of evasion
MPRegen 0.11/turn

%: no teleportation
@: heroic
A: horns 2, retaliatory headbutt
a: Renounce Religion, Heroism, Finesse


You were in the Dungeon.
You worshipped Okawaru.
Okawaru was greatly pleased with you.
You visited 1 branch You collected 14 gold pieces.

Inventory:

Hand Weapons
 a - a +3 orcbow of electrocution
 m - a +2 scimitar of flaming (weapon)
Missiles
 b - 3 poisoned darts (quivered)
Armour
 c - a +0 buckler (worn)
 n - a +2 pair of boots (worn)
 o - a +0 pair of gloves (worn)
 p - a +0 plate armour (worn)
Jewellery
 q - a +2 ring of protection (left hand)
 r - a +2 ring of evasion (right hand)
Wands
 l - a wand of light (10)
Scrolls
 j - 3 scrolls of blinking
 k - 2 scrolls of amnesia
 s - a scroll of fear
 u - a scroll of fog
Potions
 d - a potion of haste
 e - 6 potions of curing
 f - a potion of heal wounds
 g - 2 potions of resistance
 h - 4 potions of magic
 i - a potion of brilliance


   Skills:
 - Level 14.3(19.3) Fighting
 - Level 17.4(22.4) Long Blades
 + Level 10.1(15.1) Ranged Weapons
 - Level 15.0(20.0) Armour
 - Level 3.6(8.6) Shields


You had 9 spell levels left.
You didn't know any spells.
Your spell library was empty.

Dungeon Overview and Level Annotations

Branches:
Dungeon (1/1)

Altars:
Cheibriados
Dithmenos
Elyvilon
Fedhas
Gozag
Hepliaklqana
Kikubaaqudgha
Makhleb
Nemelex Xobeh
Okawaru
Qazlal
Ru
Sif Muna
Trog
Uskayaw
Vehumet
Wu Jian
Xom
Yredelemnul
Zin
The Shining One
Jiyva
Lugonu


Innate Abilities, Weirdness & Mutations

You have a pair of horns on your head.
You reflexively headbutt those who attack you in melee.


Message History

The skyshark is moderately wounded.
The skyshark bites you!
* * * LOW HITPOINT WARNING * * *
The skyshark tastes blood and grows stronger!
The skyshark tail-slaps you but does no damage. x2
You gain the combat prowess of a mighty hero.
The skyshark bites you!
* * * LOW HITPOINT WARNING * * *
The skyshark enters a blood-rage!
You block the skyshark's attack.
The skyshark tail-slaps you but does no damage.
You hit the skyshark. You burn the skyshark.
The skyshark is moderately wounded.
The skyshark closely misses you.
The skyshark tail-slaps you but does no damage.
The skyshark closely misses you.
You slash the skyshark! You burn the skyshark. You headbutt the skyshark!
The skyshark is heavily wounded.
The skyshark closely misses you.
The skyshark tail-slaps you but does no damage.
You block the skyshark's attack.
You closely miss the skyshark.
The skyshark is heavily wounded.
You block the skyshark's attack.
The skyshark tail-slaps you but does no damage.
The skyshark barely misses you.
You slash the skyshark! You burn the skyshark.
The skyshark is severely wounded.
The skyshark bites you but does no damage.
You block the skyshark's attack. The skyshark barely misses you.
You slash the skyshark! You burn the skyshark.
The skyshark is severely wounded.
The skyshark bites you.
* * * LOW HITPOINT WARNING * * *
The skyshark tail-slaps you.
* * * LOW HITPOINT WARNING * * *
The skyshark tail-slaps you but does no damage.
You closely miss the skyshark. Your headbutt misses the skyshark.
The skyshark is severely wounded.
The skyshark bites you!
You die...

▓.▓.▓.▓
▓(▓.▓.▓
▓.▓.▓.▓
▓.▓.▓'▓
▓.▓.▓_▓
▓.▓.▓_▓
▓.▓.▓_▓
▓.▓.▓_▓
▓@▓.▓_▓
▓F▓.▓_▓
▓.▓.▓_▓
▓.▓.▓_▓
▓.▓.▓_▓
▓.▓.▓_▓
▓.▓.▓_▓
▓.▓.▓_▓
▓.▓_▓


You could see a skyshark (berserk).

Vanquished Creatures
  A centaur warrior (D)
  A boulder beetle (D)
  A deep elf pyromancer (D)
  An ugly thing (D)
  A meliai (D)
  3 cane toads (D)
  A troll (D)
  2 wyverns (D)
  A yak (D)
  A water moccasin (D)
  An acid dragon (D)
  A wolf (D)
  A centaur (D)
  A kobold brigand (D)
  2 bullfrogs (D)
  A scorpion (D)
  A howler monkey (D)
  An orc priest (D)
  An adder (D)
  A dart slug (D)
  An orc (D)
  2 bats (D)
  A goblin (D)
  A ball python (D)
29 creatures vanquished.

Vanquished Creatures (others)
  A yak (D)
1 creature vanquished.

Grand Total: 30 creatures vanquished

Notes
Turn   | Place    | Note
-------+----------+-------------------------------------------
     0 | D        | SmokeWeed the Minotaur Fighter began the quest for the Orb.
     0 | D        | Reached XP level 1. HP: 19/19 MP: 0/0
    10 | D        | Reached skill level 5 in Fighting
    32 | D        | Noticed a howler monkey
    32 | D        | Noticed a scorpion
    32 | D        | Noticed a water moccasin
    36 | D        | Killed a howler monkey
    37 | D        | Reached XP level 2. HP: 23/37 MP: 1/1
    37 | D        | Reached XP level 3. HP: 27/42 MP: 2/2
    37 | D        | Killed a scorpion
    38 | D        | Reached XP level 4. HP: 35/55 MP: 3/3
    42 | D        | Killed a water moccasin
    43 | D        | Reached XP level 5. HP: 46/68 MP: 4/4
    72 | D        | Found a snail-covered altar of Cheibriados.
    72 | D        | Found a shadowy altar of Dithmenos.
    72 | D        | Found a white marble altar of Elyvilon.
    72 | D        | Found a blossoming altar of Fedhas.
    72 | D        | Found an opulent altar of Gozag.
    73 | D        | Found a hazy altar of Hepliaklqana.
    74 | D        | Found a viscous altar of Jiyva.
    75 | D        | Found an ancient bone altar of Kikubaaqudgha.
    76 | D        | Found a corrupted altar of Lugonu.
    77 | D        | Found a burning altar of Makhleb.
    78 | D        | Found a sparkling altar of Nemelex Xobeh.
    79 | D        | Found an iron altar of Okawaru.
    80 | D        | Found a stormy altar of Qazlal.
    81 | D        | Found a sacrificial altar of Ru.
    82 | D        | Found a shimmering blue altar of Sif Muna.
    83 | D        | Found a bloodstained altar of Trog.
    84 | D        | Found a hide-covered altar of Uskayaw.
    85 | D        | Found a radiant altar of Vehumet.
    86 | D        | Found an ornate altar of the Wu Jian Council.
    87 | D        | Became a worshipper of Warmaster Okawaru
    88 | D        | Found a shimmering altar of Xom.
    89 | D        | Found a basalt altar of Yredelemnul.
    90 | D        | Found a glowing silver altar of Zin.
    91 | D        | Found a glowing golden altar of the Shining One.
   246 | D        | Noticed an acid dragon
   246 | D        | Noticed a yak
   246 | D        | Noticed a centaur
   246 | D        | Noticed a wyvern
   250 | D        | Killed an acid dragon
   251 | D        | Reached skill level 5 in Long Blades
   251 | D        | Reached XP level 6. HP: 72/75 MP: 5/5
   253 | D        | Reached skill level 6 in Long Blades
   254 | D        | Killed a yak
   255 | D        | Reached skill level 7 in Long Blades
   259 | D        | Reached skill level 8 in Long Blades
   260 | D        | Reached * piety under Okawaru
   261 | D        | Reached XP level 7. HP: 67/82 MP: 6/6
   263 | D        | Killed a wyvern
   264 | D        | Reached skill level 9 in Long Blades
   267 | D        | Noticed a troll
   267 | D        | Noticed a boulder beetle
   267 | D        | Noticed a deep elf pyromancer
   267 | D        | Noticed a meliai
   267 | D        | Noticed a centaur warrior
   267 | D        | Noticed a purple ugly thing
   275 | D        | Killed a troll
   276 | D        | Reached skill level 11 in Long Blades
   276 | D        | Reached skill level 10 in Armour
   287 | D        | Noticed a fire elemental
   287 | D        | Noticed a fire elemental
   292 | D        | Killed a centaur warrior
   292 | D        | Reached ** piety under Okawaru
   292 | D        | Reached *** piety under Okawaru
   293 | D        | Reached skill level 13 in Long Blades
   293 | D        | Reached XP level 8. HP: 76/90 MP: 3/7
   293 | D        | Killed a deep elf pyromancer
   294 | D        | Reached skill level 14 in Long Blades
   296 | D        | Killed a purple ugly thing
   297 | D        | Reached skill level 15 in Long Blades
   297 | D        | Reached XP level 9. HP: 82/96 MP: 3/8
   299 | D        | Killed a meliai
   299 | D        | Reached **** piety under Okawaru
   300 | D        | Reached skill level 16 in Long Blades
   305 | D        | Killed a boulder beetle
   306 | D        | Reached skill level 17 in Long Blades
   306 | D        | Reached skill level 15 in Armour
   545 | D        | Noticed a cane toad
   545 | D        | Noticed a cane toad
   551 | D        | Noticed a cane toad
   556 | D        | Killed a cane toad
   560 | D        | Reached ***** piety under Okawaru
   561 | D        | Reached XP level 10. HP: 66/104 MP: 7/9
   565 | D        | Killed a cane toad
   569 | D        | Killed a cane toad
   569 | D        | Noticed a skyshark
   576 | D        | Reached skill level 10 in Ranged Weapons
   585 | D        | Slain by a skyshark

Illustrated notes

Levels and vault maps discovered:
D:        linesprint [early_d, line_temple, items_1, d_10, items_2, lair_1,
          lair_end, items_3, orc_1, orc_end, items_4, d_15, swamp_1, shoals_1,
          snake_1, spider_1, d_20, vaults_1, items_5, swamp_end, shoals_end,
          snake_end, spider_end, vaults_end, d_27, items_6, zot_1, zot_end,
          crypt_end, forest_end, elf_end, slime_end, tomb_end, abyss_end,
          pan_hell_end]

Skill      XL: |  1  2  3  4  5  6  7  8  9 10 |
---------------+-------------------------------+-----
Fighting       | 9 11 14 | 14.3
Long Blades    | 5 8 13 15 17 | 17.4
Armour         | 6 8 12 13 15 | 15.0
Ranged Weapons | 7 10 | 10.1
Shields        | |  3.6

Action                     |  1- 3 |  4- 6 |  7- 9 | 10-12 || total
---------------------------+-------+-------+-------+-------++-------
  Melee: Long sword        |    14 |     5 |       |       ||    19
         Headbutt          |     1 |     5 |    15 |     4 ||    25
         Scimitar          |       |    10 |    44 |    22 ||    76
  Throw: Dart              |       |       |     1 |       ||     1
 Invoke: Heroism           |       |       |     4 |     2 ||     6
    Use: Potion            |     1 |     2 |     3 |       ||     6
         Scroll            |       |       |     4 |       ||     4
   Stab: Invisible         |       |     2 |       |       ||     2
 Armour: Scale mail        |    13 |     1 |       |       ||    14
         Plate armour      |       |     5 |    23 |    19 ||    47
  Dodge: Dodged            |     7 |     8 |    11 |     8 ||    34
  Block: Buckler           |     3 |     2 |    16 |     8 ||    29
